 Dungeon Crawl Stone Soup version 0.16-a0-734-gc254e8c (webtiles) character file.

6297 PolkaDot the Martial Artist (level 10, -1/87 HPs)
             Began as a Demonspawn Monk on Sept 22, 2014.
             Was an Elder of Qazlal.
             Slain by a wyvern (12 damage)
             ... on Level 9 of the Dungeon.
             The game lasted 00:30:19 (9798 turns).

PolkaDot the Martial Artist (Demonspawn Monk)       Turns: 9798, Time: 00:30:20

HP  -1/87        AC 12     Str 13      XL: 10   Next: 63%
MP  11/21        EV 16     Int 11      God: Qazlal [****..]
Gold 407         SH  5     Dex 18      Spells:  0 memorised,  9 levels left

rFire  . . .     SeeInvis .       - Unarmed
rCold  . . .     Clarity  +     a - +0 robe
rNeg   . . .     rCorr    .     (no shield)
rPois  .         rRot     .     c - +0 hat
rElec  .         Spirit   .     (no cloak)
SustAb .         Warding  .     (no gloves)
rMut   .         Stasis   .     (no boots)
Gourm  .                        D - amulet of clarity
MR     .....                    (no ring)
                                e - +4 ring of protection

@: about to teleport, protected from physical damage, repel missiles, not
resistant to hostile enchantments, very unstealthy
A: claws 2, hooves 1, rugged brown scales 3, spiny 2
a: Upheaval, Elemental Force, Renounce Religion


You were on level 9 of the Dungeon.
You worshipped Qazlal.
Qazlal was greatly pleased with you.
You were not hungry.

You visited 1 branch of the dungeon, and saw 9 of its levels.

You collected 407 gold pieces.

Inventory:

Armour
 a - a +0 robe (worn)
 c - a +0 hat (worn)
Magical devices
 w - a wand of cold (4) {unknown}
 E - a wand of digging (19) {unknown}
Comestibles
 b - 7 bread rations
 j - 4 meat rations
 m - 2 chunks of orc flesh
 v - 5 fruits
Scrolls
 d - 2 scrolls of magic mapping {unknown}
 f - 2 scrolls of fear {unknown}
 i - 2 scrolls of recharging {unknown}
 k - 7 scrolls of remove curse
 l - 3 scrolls of noise
 n - 2 scrolls of immolation {unknown}
 o - 3 scrolls of enchant armour {unknown}
 p - 3 scrolls of teleportation
 q - 2 scrolls of enchant weapon {unknown}
 r - a scroll of amnesia {unknown}
 s - a scroll of fog {unknown}
 u - a scroll of identify
 y - a scroll of blinking {unknown}
Jewellery
 e - a +4 ring of protection (left claw)
 B - a +4 ring of slaying {unknown}
 D - an amulet of clarity (around neck)
Potions
 g - 3 potions of magic
 h - a potion of cancellation
 z - a potion of mutation {unknown}
 A - a potion of berserk rage
 C - a potion of resistance
 G - a potion of brilliance


   Skills:
 + Level 8.7 Fighting
 - Level 5.4 Dodging
 - Level 1.7 Stealth
 * Level 11.0 Unarmed Combat
 + Level 8.2 Invocations


You had 9 spell levels left.
You didn't know any spells.

Dungeon Overview and Level Annotations

Branches:
Dungeon (9/15) Temple (0/1) D:4 D:7 Orc: D:9-12 Lair: D:8-11

Altars:
Ashenzari
Cheibriados
Elyvilon
Fedhas
Gozag
Makhleb
Qazlal
Ru
Sif Muna
Vehumet
Yredelemnul

Shops:
D:9 [


Innate Abilities, Weirdness & Mutations

You have very sharp fingernails.
You are completely covered in rugged brown scales (AC +3, +7% HP).
You are mostly covered in sharp spines.
You have large cloven feet.


Message History

The wyvern is almost dead.
Your air elemental hits the wyvern.
An air elemental merges itself into the air.
The wyvern closely misses you.
The orc warrior hits you from afar with a halberd!
* * * LOW HITPOINT WARNING * * *
The orc priest prays to Beogh.
You feel a wave of unholy energy pass over you.
Drink which item? (? for menu, Esc to quit)
Okay, then.
Read which item? (? for menu, Esc to quit)
As you read the scroll of teleportation, it crumbles to dust.
You feel strangely unstable.
An air elemental forms itself from the air!
Your air elemental disappears in a puff of smoke!
The wyvern is no longer bleeding.
The wyvern barely misses you.
The orc warrior hits you from afar with a halberd.
* * * LOW HITPOINT WARNING * * *
The wyvern bites you!
You die... .# #. #.)...#####. h# #..###)..#.# .# #..8..∩..8.# .####+ '####.###...###.... o#).o#####...#.###..## ..## ooo8o.o.o.

8.o..#.).# ## .#...#####
#o§#)).#
.#############.D§[§.#n.#
........o...o..)@§§....#
###..#######.....§.....#
# .# #..§.§####### .#
#....§. . #......
......... ###...#.
#...#.. ...


You could see an orc warrior, a wyvern, a necrophage, an orc priest and 2 orcs.

Vanquished Creatures
  The ghost of soonmide the Ruinous, an experienced DrCj of Sif Muna (D:6)
  Pikel (D:4)
  The ghost of Afay the Shield-Bearer, an experienced MiFi (D:5)
  Grinder (D:4)
  A hydra skeleton (D:8)
  A water elemental (D:7)
  A hill giant zombie (D:7)
  A spriggan (D:7)
  Eustachio (D:8)
  A hippogriff (D:8)
  2 orc warriors
  An ice beast (D:8)
  2 necrophages (D:8)
  An ogre (D:4)
  A phantom (D:5)
  A black bear (D:6)
  The ghost of Afay the Covered, an average MiFi (D:3)
  Sigmund (D:4)
  Duvessa (D:8)
  3 big kobolds
  5 giant frogs
  A cyclops skeleton (D:8)
  3 killer bees (D:7)
  4 wights
  2 goliath beetles (D:6)
  Dowan (D:8)
  2 crimson imps
  2 hounds
  3 jellies
  13 orc wizards
  2 iguanas
  3 orc priests (D:9)
  A black bear zombie (D:8)
  Natasha (twice) (D:4)
  6 worker ants
  Ijyb (D:2)
  Jessica (D:3)
  2 ogre skeletons (D:5)
  Terence (D:2)
  8 gnolls (D:4)
  15 adders
  3 shadow imps
  6 giant mites
  5 worms
  2 adder skeletons
  5 giant geckos
  2 oozes
  61 orcs
  A ball python (D:2)
  8 bats
  9 giant cockroaches
  15 hobgoblins
  19 jackals
  32 kobolds
  5 quokkas
  A giant gecko zombie (D:8)
  5 giant newts
  A gnoll skeleton (D:4)
  20 goblins
  2 orc skeletons
  12 rats
  A rat skeleton (D:6)
317 creatures vanquished.

Vanquished Creatures (collateral kills)
  The ghost of Grim the Conjurer, an experienced DrCj of Vehumet (D:7)
  A killer bee (D:7)
  4 wights
  2 orcs (D:9)
8 creatures vanquished.

Vanquished Creatures (others)
  Natasha (D:4)
  A bat (D:4)
  A giant newt (D:4)
  A rat (D:7)
4 creatures vanquished.

Grand Total: 329 creatures vanquished

Notes
Turn   | Place    | Note
--------------------------------------------------------------
     0 | D:1      | PolkaDot, the Demonspawn Monk, began the quest for the Orb.
     0 | D:1      | Reached XP level 1. HP: 18/18 MP: 1/1
   241 | D:1      | Gained mutation: You have sharp fingernails. [demonic ancestry]
   241 | D:1      | Reached XP level 2. HP: 24/24 MP: 2/2
   618 | D:1      | Reached skill level 4 in Unarmed Combat
   745 | D:2      | Gained mutation: You have very sharp fingernails. [demonic ancestry]
   745 | D:2      | Reached XP level 3. HP: 14/29 MP: 3/3
  1025 | D:2      | Noticed Terence
  1032 | D:2      | Killed Terence
  1171 | D:2      | Gained mutation: You are partially covered in sharp spines. [demonic ancestry]
  1171 | D:2      | Reached XP level 4. HP: 35/35 MP: 4/4
  1286 | D:2      | Found an opulent altar of Gozag.
  1667 | D:2      | Noticed Ijyb
  1684 | D:2      | Killed Ijyb
  2096 | D:2      | Found a burning altar of Makhleb.
  2498 | D:3      | Gained mutation: You are partially covered in rugged brown scales (AC +1, +3% HP). [demonic ancestry]
  2498 | D:3      | Reached XP level 5. HP: 20/43 MP: 5/5
  2548 | D:3      | Found a shattered altar of Ashenzari.
  2800 | D:3      | Noticed Afay's ghost (average MiFi)
  2806 | D:3      | Reached skill level 5 in Unarmed Combat
  2818 | D:3      | Killed Afay's ghost
  2818 | D:3      | Gained mutation: You are mostly covered in rugged brown scales (AC +2, +5% HP). [demonic ancestry]
  2818 | D:3      | Reached XP level 6. HP: 35/50 MP: 6/6
  2962 | D:3      | Noticed Jessica
  2969 | D:3      | Killed Jessica
  3068 | D:3      | Found a deep blue altar of Sif Muna.
  3100 | D:3      | Found a deep blue altar of Sif Muna.
  3143 | D:3      | Found a basalt altar of Yredelemnul.
  3460 | D:4      | Noticed Sigmund
  3475 | D:4      | Killed Sigmund
  3713 | D:4      | Reached skill level 6 in Unarmed Combat
  3713 | D:4      | Gained mutation: You are mostly covered in sharp spines. [demonic ancestry]
  3713 | D:4      | Reached XP level 7. HP: 23/57 MP: 7/7
  3930 | D:4      | Noticed Pikel
  3964 | D:4      | Killed Pikel
  3964 | D:4      | Reached skill level 5 in Fighting
  3964 | D:4      | Reached skill level 5 in Dodging
  3964 | D:4      | Reached skill level 7 in Unarmed Combat
  3964 | D:4      | Gained mutation: You are completely covered in rugged brown scales (AC +3, +7% HP). [demonic ancestry]
  3964 | D:4      | Reached XP level 8. HP: 46/67 MP: 8/8
  4037 | D:4      | Noticed Grinder
  4061 | D:4      | Killed Grinder
  4065 | D:4      | Found a stormy altar of Qazlal.
  4068 | D:4      | Became a worshipper of Qazlal Stormbringer
  4068 | D:4      | Acquired Qazlal's first power
  4068 | D:4      | Acquired Qazlal's second power
  4350 | D:4      | Noticed Natasha
  4356 | D:4      | Killed Natasha
  4356 | D:4      | Reached skill level 1 in Invocations
  4602 | D:4      | Killed Natasha
  4656 | D:4      | Found a staircase to the Ecumenical Temple.
  4748 | D:4      | Noticed Natasha
  4750 | D:4      | Killed Natasha
  4764 | D:5      | Entered Level 5 of the Dungeon
  4806 | D:5      | Found a radiant altar of Vehumet.
  4853 | D:5      | Noticed Afay's ghost (experienced MiFi)
  4897 | D:5      | Killed Afay's ghost
  4897 | D:5      | Reached skill level 8 in Unarmed Combat
  5053 | D:5      | Reached XP level 9. HP: 71/75 MP: 14/14
  5177 | D:5      | Found a white marble altar of Elyvilon.
  5316 | D:5      | Acquired Qazlal's third power
  5788 | D:6      | Found a sacrificial altar of Ru.
  5819 | D:6      | Noticed soonmide's ghost (experienced DrCj)
  5839 | D:6      | Killed soonmide's ghost
  5839 | D:6      | Reached skill level 9 in Unarmed Combat
  5839 | D:6      | Reached skill level 5 in Invocations
  6882 | D:7      | Noticed Grim's ghost (experienced DrCj)
  7224 | D:7      | Killed Grim's ghost
  7452 | D:7      | Reached skill level 10 in Unarmed Combat
  7544 | D:7      | Found a blossoming altar of Fedhas.
  7544 | D:7      | Found a snail-covered altar of Cheibriados.
  7630 | D:7      | Reached XP level 10. HP: 85/85 MP: 20/20
  8295 | D:7      | Found a staircase to the Ecumenical Temple.
  8550 | D:8      | Noticed Eustachio
  8554 | D:8      | Killed Eustachio
  8564 | D:8      | Noticed Dowan
  8564 | D:8      | Noticed Duvessa
  8613 | D:8      | Killed Dowan
  8621 | D:8      | Killed Duvessa
  8824 | D:8      | Acquired Qazlal's fourth power
  9321 | D:8      | Gained mutation: You have large cloven feet. [potion of beneficial mutation]
  9557 | D:8      | Found a stormy altar of Qazlal.
  9706 | D:9      | Found Klawaane's Antique Armour Shoppe.
  9732 | D:9      | Acquired Qazlal's fifth power
  9780 | D:9      | Reached skill level 11 in Unarmed Combat
  9798 | D:9      | Slain by a wyvern

Action                   |  1- 3 |  4- 6 |  7- 9 | 10-12 || total
-------------------------+-------+-------+-------+-------++-------
Melee: Unarmed           |   120 |   220 |   427 |   250 ||  1017
Invok: Elemental Force   |       |       |     2 |     3 ||     5
       Upheaval          |       |       |     1 |       ||     1
  Use: Potion            |     2 |     3 |     5 |     4 ||    14
       Scroll            |       |       |       |     9 ||     9
 Stab: Sleeping          |     3 |     3 |       |       ||     6
       Distracted        |       |       |     1 |       ||     1
  Eat: Chunk             |     1 |     8 |    11 |     5 ||    25
       Bread ration      |       |       |     1 |       ||     1
